 Dungeon Crawl Stone Soup version 0.25.1-2-g60ff931df9 (webtiles) character file.

Game seed: 4062777023800228524

1980 nicanaca0 the Chucker (level 9, -3/84 HPs)
             Began as a Troll Hunter on Nov 4, 2020.
             Slain by a vampire (6 damage)
             ... on level 8 of the Dungeon.
             The game lasted 00:10:26 (5087 turns).

nicanaca0 the Chucker (Troll Hunter)                Turns: 5087, Time: 00:10:26

Health: -3/84      AC: 11    Str: 22    XL:     9   Next: 1%
Magic:  8/8        EV: 12    Int:  7    God:
Gold:   423        SH:  9    Dex: 13    Spells: 8/8 levels left

rFire    . . .     SeeInvis .     - Unarmed
rCold    . . .     Gourm    +   n - +2 kite shield
rNeg     . . .     Faith    .   b - +1 robe
rPois    .         Spirit   .   (helmet restricted)
rElec    .         Reflect  .   (no cloak)
rCorr    .         Harm     .   (gloves unavailable)
MR       .....                  (boots unavailable)
Stlth    ++........             g - amulet of magic regeneration
HPRegen  0.64/turn              o - +4 ring of evasion
MPRegen  0.36/turn              q - +4 ring of protection

@: no status effects
A: large, unfitting armour, claws 3, fast metabolism 3, gourmand, regeneration
1, shaggy fur 1, tough skin 3
a: no special abilities


You were on level 8 of the Dungeon.
You were full.

You visited 1 branch of the dungeon, and saw 7 of its levels.

You collected 423 gold pieces.

Inventory:

Hand Weapons
 j - a +4 whip of freezing
Missiles
 c - 4 large rocks
 k - 34 poisoned darts (quivered)
 l - 181 stones
 w - 2 boomerangs
Armour
 b - a +1 robe (worn)
 n - a +2 kite shield (worn)
Jewellery
 g - an amulet of magic regeneration (around neck)
 o - a +4 ring of evasion (left claw)
 p - an uncursed ring of stealth
 q - a +4 ring of protection (right claw)
 F - a +4 ring of slaying {unknown}
 G - an uncursed amulet of faith {unknown}
 H - a cursed amulet of inaccuracy {unknown}
Wands
 s - a wand of flame (10)
 A - a wand of digging (3)
Scrolls
 a - 2 scrolls of fog {unknown}
 e - 2 scrolls of enchant armour
 m - 2 scrolls of blinking {unknown}
 u - 2 scrolls of immolation {unknown}
 x - 3 scrolls of teleportation {unknown}
 y - a scroll of noise {unknown}
 z - 4 scrolls of identify {@r1}
 B - a scroll of fear {unknown}
Potions
 h - a potion of lignification
 i - a potion of might {unknown}
 r - a potion of berserk rage
 t - 2 potions of degeneration
 v - 2 potions of curing {@q1}
 C - a potion of heal wounds
 D - a potion of stabbing {unknown}
 E - 2 potions of flight {unknown}
 I - a potion of cancellation {unknown}
Comestibles
 f - 9 rations


   Skills:
 + Level 4.2 Fighting
 * Level 7.0 Throwing
 + Level 4.2 Dodging
 - Level 1.0 Stealth
 * Level 6.5 Unarmed Combat


You had 8 spell levels left.
You didn't know any spells.
Your spell library was empty.

Dungeon Overview and Level Annotations

Branches:
Dungeon (6/15)             Temple (0/1) D:4

Altars:
Cheibriados
Fedhas
Makhleb
Nemelex Xobeh
Ru
Trog
Xom

Shops:
D:6 :

Annotations:
D:5 2 runed translucent doors, Zeloya's ghost, novice KoSk


Innate Abilities, Weirdness & Mutations

You are too large for most types of armour.
You have claws for hands.
Your metabolism is lightning-fast.
You like to eat raw meat.
Your natural rate of healing is unusually fast.
You are covered in fur. (AC +1)
You have extremely tough skin. (AC +3)


Message History

* * * LOW HITPOINT WARNING * * *
Something bites you but does no damage.
You bump into the rock wall.
You feel less confused. Something hits you.
* * * LOW HITPOINT WARNING * * *
Something bites you but does no damage.
You claw something! You block something's attack. x2
You scratch something but do no damage. Something hits you.
* * * LOW HITPOINT WARNING * * *
Something completely misses you.
You scratch something but do no damage. Something hits you but does no damage.
You block something's attack.
You miss something. Something hits you.
* * * LOW HITPOINT WARNING * * *
Something bites you!
* * * LOW HITPOINT WARNING * * *
Something draws strength from your injuries!
You miss something. Something hits you.
You die...

#....# #.....
#....# ...#
#.###
##†÷.####
#....)..#
#.#####..#
#@# ##....
#{###########
#..........
###.##.....
#.....##.
#.##...h.
#K.# .##l
#..## .#
#K..# #


There were no monsters in sight!

Vanquished Creatures
  Grinder (D:5)
  An orc warrior (D:6)
  An ice beast (D:5)
  2 ogres
  A big kobold (D:8)
  A bullfrog (D:6)
  2 scorpions
  5 wights (D:6)
  2 howler monkeys (D:4)
  2 quasits
  4 orc priests
  6 hounds
  A centaur skeleton (D:6)
  2 orc wizards
  Terence (D:2)
  Natasha (thrice) (D:2)
  4 worker ants
  2 hound skeletons
  Robin (D:1)
  A worker ant zombie (D:5)
  3 gnolls (D:5)
  6 adders
  A shadow imp (D:5)
  2 oozes
  2 worms
  2 dart slugs
  4 leopard geckos
  14 orcs
  3 giant cockroaches
  15 goblins
  6 hobgoblins
  8 jackals
  13 kobolds
  7 quokkas
  A ball python (D:3)
  3 bats (D:1)
  6 frilled lizards
  A jackal skeleton (D:4)
  2 quokka skeletons
  5 rats
147 creatures vanquished.

Notes
Turn   | Place    | Note
-------+----------+-------------------------------------------
     0 | D:1      | nicanaca0 the Troll Hunter began the quest for the Orb.
     0 | D:1      | Reached XP level 1. HP: 19/19 MP: 0/0
   235 | D:1      | Reached XP level 2. HP: 28/28 MP: 1/1
   540 | D:1      | Reached skill level 1 in Unarmed Combat
   773 | D:2      | Noticed Robin
   812 | D:2      | Reached XP level 3. HP: 14/35 MP: 2/2
   945 | D:1      | Killed Robin
   953 | D:1      | Reached skill level 4 in Throwing
  1168 | D:2      | Found a sparkling altar of Nemelex Xobeh.
  1168 | D:2      | Found a snail-covered altar of Cheibriados.
  1168 | D:2      | Found a burning altar of Makhleb.
  1194 | D:2      | Noticed Natasha
  1203 | D:2      | Killed Natasha
  1203 | D:2      | Reached XP level 4. HP: 32/42 MP: 3/3
  1235 | D:2      | Noticed Natasha
  1238 | D:2      | Killed Natasha
  1309 | D:2      | Noticed Natasha
  1348 | D:2      | Killed Natasha
  1348 | D:2      | Reached XP level 5. HP: 42/50 MP: 4/4
  1423 | D:2      | Noticed Terence
  1435 | D:2      | Killed Terence
  1791 | D:3      | Reached XP level 6. HP: 59/59 MP: 5/5
  2415 | D:4      | Reached skill level 5 in Throwing
  2620 | D:4      | Reached XP level 7. HP: 67/67 MP: 6/6
  2942 | D:4      | Found a staircase to the Ecumenical Temple.
  3093 | D:4      | Reached skill level 1 in Stealth
  3288 | D:5      | Entered Level 5 of the Dungeon
  3373 | D:5      | Found a runed translucent door.
  3373 | D:5      | Noticed Zeloya's ghost (novice KoSk)
  3505 | D:5      | Noticed Grinder
  3517 | D:5      | Paralysed by Grinder for 3 turns
  3529 | D:5      | Killed Grinder
  3529 | D:5      | Reached skill level 6 in Throwing
  3529 | D:5      | Reached skill level 5 in Unarmed Combat
  3529 | D:5      | Reached XP level 8. HP: 65/75 MP: 7/7
  3661 | D:5      | Found a shimmering altar of Xom.
  3661 | D:5      | Found a blossoming altar of Fedhas.
  3662 | D:5      | Found a bloodstained altar of Trog.
  3674 | D:5      | Found a sacrificial altar of Ru.
  4177 | D:5      | Found a runed translucent door.
  4782 | D:6      | Found Ucsaotuch's Book Boutique.
  4971 | D:6      | You fall into a shaft and drop 2 floors!
  4987 | D:8      | Reached skill level 7 in Throwing
  5020 | D:8      | Reached XP level 9. HP: 84/84 MP: 8/8
  5086 | D:8      | HP: 3/84 [something (9)]
  5087 | D:8      | Slain by a vampire

Illustrated notes

Levels and vault maps discovered:
D:1:      tarquinn_simple_flora_water_c, layout_loops_ring
D:2:      layout_rooms, chequers_temple_overflow_statue_of_worship,
          uniq_terence, uniq_robin, uniq_natasha
D:3:      layout_loops_cross, serial_rivers, chequers_serial_rivers_small_b,
          chequers_serial_rivers_room_b, chequers_serial_rivers_micro_d,
          chequers_serial_rivers_room_b
D:4:      kb_forest_paths, layout_basic, first_ration
D:5:      layout_basic, nicolae_overflow_quartered_altars,
          ebering_ghost_sewer_f, uniq_grinder
D:6:      layout_cave_pools, serial_shops, shop, serial_column_ruins,
          column_ruins_open_small, column_ruins_open_tiny, column_ruins_grid_3,
          column_ruins_columns_straight, column_ruins_open_tiny,
          column_ruins_open_medium
D:8:      minmay_tri_box, layout_rooms, uniq_psyche

Skill      XL: |  1  2  3  4  5  6  7  8 |
---------------+-------------------------+-----
Unarmed Combat | 1 2 3 5 6 |  6.5
Fighting       | 2 3 4 |  4.2
Dodging        | 2 3 4 |  4.2
Throwing       | 4 5 6 7 |  7.0
Stealth        | 1 |  1.0

Action                   |  1- 3 |  4- 6 |  7- 9 || total
-------------------------+-------+-------+-------++-------
Melee: Unarmed           |   101 |   152 |   274 ||   527
Throw: Large rock        |     7 |     6 |     1 ||    14
       Dart              |       |    15 |    66 ||    81
       Throwing net      |       |       |     2 ||     2
  Use: Scroll            |     3 |     2 |     1 ||     6
 Stab: Sleeping          |       |     1 |     1 ||     2
       Held in net/web   |       |       |     1 ||     1
       Distracted        |       |       |     1 ||     1
  Eat: Chunk             |    16 |    14 |    20 ||    50
Armor: Robe              |    55 |    43 |    96 ||   194
Dodge: Dodged            |    85 |    51 |   117 ||   253
Block: Kite shield       |       |    54 |   118 ||   172
